 Dungeon Crawl Stone Soup version 0.23-a0-389-g4a5eb33 (webtiles) character file.

3419 Gildeon the Conjurer (level 9, -3/65 HPs)
             Began as a Mummy Conjurer on Oct 29, 2018.
             Was a Follower of Ashenzari.
             Slain by an orc warrior
             ... wielding a +0 hand axe
              (13 damage)
             ... on level 7 of the Dungeon.
             The game lasted 01:07:57 (9821 turns).

Gildeon the Conjurer (Mummy Conjurer)               Turns: 9821, Time: 01:07:58

Health: -3/65      AC:  6    Str: 11    XL:     9   Next: 76%
Magic:  7/18       EV: 13    Int: 18    God:    Ashenzari [*.....]
Gold:   288        SH:  0    Dex: 12    Spells: 0/20 levels left

rFire    . . .     SeeInvis +   k - +2 quarterstaff (protect)
rCold    + + .     Gourm    .   (shield currently unavailable)
rNeg     + + +     Faith    .   a - +1 robe
rPois    ∞         Spirit   .   (no helmet)
rElec    .         Reflect  .   h - scarf {rC+ rF+} (curse)
rCorr    +         Harm     .   d - +2 pair of gloves
MR       +....                  (no boots)
Stlth    ++........             (no amulet)
HPRegen  0.20/turn              e - ring of resist corrosion (curse)
MPRegen  0.16/turn              i - ring of see invisible

@: no status effects
A: no food or potions, fire vulnerability, cold resistance 1, negative energy
resistance 3, torment resistance, unbreathing
a: Curse Item, Scrying, Renounce Religion


You were on level 7 of the Dungeon.
You worshipped Ashenzari.
Ashenzari was aware of your devotion.
You were not hungry.

You visited 2 branches of the dungeon, and saw 9 of its levels.

You collected 456 gold pieces.
You spent 168 gold pieces at shops.

Inventory:

Hand Weapons
 k - a +2 quarterstaff of protection (weapon)
Missiles
 c - 5 curare-tipped needles
 f - 17 poisoned needles
Armour
 a - a +1 robe (worn)
 d - a +2 pair of gloves (worn)
 h - a cursed scarf of resistance (worn)
Jewellery
 e - a cursed ring of resist corrosion (left hand)
 i - a ring of see invisible (right hand)
Wands
 j - a wand of clouds (5)
 n - a wand of acid (11)
 o - a wand of paralysis (11)
Scrolls
 b - 4 scrolls of teleportation
 g - a scroll of fog
 m - 3 scrolls of identify


   Skills:
 - Level 4.2 Fighting
 + Level 2.3 Staves
 - Level 2.0 Armour
 - Level 3.2 Dodging
 - Level 1.5 Stealth
 - Level 6.1 Spellcasting
 + Level 7.5 Conjurations
 - Level 4.0 Hexes
 - Level 3.0 Necromancy
 - Level 3.0 Translocations
 + Level 2.4 Evocations


You couldn't memorise any spells.
You knew the following spells:

 Your Spells              Type           Power        Failure   Level  Hunger
a - Magic Dart            Conj           ####         1%          1    N/A
b - Searing Ray           Conj           ####..       1%          2    N/A
c - Dazzling Spray        Conj/Hex       ####..       3%          3    N/A
d - Iskenderun's Mystic   Conj           ####....     5%          4    N/A
e - Fulminant Prism       Conj/Hex       ####......   11%         4    N/A
f - Force Lance           Conj/Tloc      ###.....     14%         4    N/A
g - Animate Skeleton      Necr           N/A          3%          1    N/A
h - Apportation           Tloc           ###...       3%          1    N/A

Your spell library contained the following spells:

 Spells                   Type           Power        Failure   Level  Hunger
 Confusing Touch          Hex            ###...       2%          1    N/A
 Corona                   Hex            ###....      2%          1    N/A
 Confuse                  Hex            ###.....     7%          3    N/A
 Tukima's Dance           Hex            ###.....     7%          3    N/A
 Ensorcelled Hibernation  Hex/Ice        ##....       8%          2    N/A
 Summon Small Mammal      Summ           #...         12%         1    N/A

Dungeon Overview and Level Annotations

Branches:
Dungeon (8/15)             Temple (1/1) D:7
   Lair: D:8-11

Altars:
Ashenzari
Cheibriados
Dithmenos
Elyvilon
Fedhas
Gozag
Hepliaklqana
Kikubaaqudgha
Makhleb
Nemelex Xobeh
Okawaru
Qazlal
Ru
Sif Muna
Trog
Uskayaw
Vehumet
Wu Jian
Xom
Yredelemnul
Zin
The Shining One

Shops:
D:4 !   D:5 =[[   D:6 :


Innate Abilities, Weirdness & Mutations

You do not eat or drink.
Your flesh is vulnerable to fire.
You are immune to poison.
Your flesh is cold resistant. (rC+)
You are immune to negative energy. (rN+++)
You are immune to unholy pain and torment.
You can survive without breathing.


Message History

The orc warrior hits you with a +0 hand axe!
* * * LOW HITPOINT WARNING * * *
As you read the scroll of fear, it crumbles to dust.
You assume a fearsome visage.
The orc warrior looks frightened!
Casting: Searing Ray (safe; 1% risk of failure)
Confirm with . or Enter, or press ? or * to list all spells.
Aiming: Searing Ray (safe; 1% risk of failure)
Press: ? - help, Shift-Dir - straight line, f/p - orc warrior
Aim: an orc warrior, wielding a +0 hand axe and wearing a +0 plate armour The searing ray hits the orc warrior.
The orc warrior is lightly wounded.
Your attack snaps the orc warrior out of its fear. (Press . to maintain the ray.)
The searing ray hits the orc warrior.
The orc warrior is moderately wounded.
The orc warrior hits you but does no damage.
The searing ray hits the orc warrior.
The orc warrior is heavily wounded.
The orc warrior hits you with a +0 hand axe!
You die...

....##.####....)...#.#...#####..#
..#.##.####.....>#.#.....+.......
#..................###...#####..#
###.##.#########.### ##..........
.......#..# #[######.######...
#.#.####..# #)##.....#######.#
#.#.####..# #.##.....#........
#.#...##..# #o##.....#.#####.#
#[#.......# #@######.#.# #.#
#.#.#..#..## #.# #.#.# #.#
#.#.##.....# #.######.#.# #.#
#.#.##.....#####........#.# #.#
#Z#.##...........########.# #..
#.#.##....................# ###
..#.##.##.................#
..#.##.##.................#
#.#.##.##........########.#


You could see an orc warrior.

Vanquished Creatures
  Grinder (D:4)
  2 wyverns
  Edmund (D:6)
  Duvessa (D:7)
  An ice beast (D:5)
  An orc warrior (D:7)
  4 ogres
  2 phantoms
  3 sky beasts
  2 centaurs
  2 bullfrogs
  Dowan (D:7)
  A water moccasin skeleton (D:4)
  4 scorpions
  4 crimson imps
  A quasit (D:6)
  A centaur zombie (D:6)
  4 hounds
  A bullfrog skeleton (D:8)
  3 orc priests
  2 jellies (D:7)
  A centaur skeleton (D:7)
  Terence (D:3)
  An iguana (D:6)
  9 orc wizards
  4 worker ants
  A hound skeleton (D:6)
  A howler monkey skeleton (D:6)
  6 adders
  4 oozes
  4 worms
  8 dart slugs
  5 leopard geckos
  28 orcs
  A giant cockroach (D:6)
  5 goblins
  6 hobgoblins
  8 jackals
  3 quokkas
  3 ball pythons
  8 bats
  5 frilled lizards
  4 kobolds
  A quokka skeleton (D:5)
  A quokka zombie (D:5)
  8 rats
168 creatures vanquished.

Vanquished Creatures (collateral kills)
  An orc priest (D:6)
  An orc wizard (D:6)
  A ball python (D:6)
  A quokka (D:6)
4 creatures vanquished.

Grand Total: 172 creatures vanquished

Notes
Turn   | Place    | Note
-------+----------+-------------------------------------------
     0 | D:1      | Gildeon the Mummy Conjurer began the quest for the Orb.
     0 | D:1      | Reached XP level 1. HP: 13/13 MP: 4/4
     6 | D:1      | Noticed a black bear
     6 | D:1      | Noticed an iguana
     6 | D:1      | Noticed a wyvern
     6 | D:1      | Noticed a salamander
   258 | D:1      | Reached XP level 2. HP: 19/19 MP: 1/6
   451 | D:1      | Learned a level 2 spell: Searing Ray
   874 | D:1      | Reached XP level 3. HP: 23/24 MP: 5/7
   879 | D:1      | Learned a level 3 spell: Dazzling Spray
  1839 | D:2      | Found a shattered altar of Ashenzari.
  1929 | D:2      | Became a worshipper of Ashenzari the Shackled
  2188 | D:2      | Reached XP level 4. HP: 30/30 MP: 5/9
  2223 | D:2      | Learned a level 4 spell: Iskenderun's Mystic Blast
  2888 | D:3      | Noticed Terence
  2993 | D:3      | Killed Terence
  2993 | D:3      | Reached skill level 1 in Fighting
  3148 | D:3      | Reached skill level 4 in Conjurations
  3447 | D:4      | Reached XP level 5. HP: 37/37 MP: 8/11
  3681 | D:4      | Noticed Grinder
  3684 | D:4      | Paralysed by Grinder for 2 turns
  3716 | D:4      | Paralysed by Grinder for 6 turns
  3725 | D:4      | Killed Grinder
  3725 | D:4      | Reached skill level 5 in Spellcasting
  3725 | D:4      | Reached XP level 6. HP: 33/46 MP: 0/13
  3890 | D:4      | Found Vuarchido's Distillery.
  3937 | D:4      | Learned a level 4 spell: Fulminant Prism
  4272 | D:4      | Reached XP level 7. HP: 52/52 MP: 7/14
  4701 | D:4      | Reached skill level 5 in Conjurations
  5143 | D:5      | Entered Level 5 of the Dungeon
  5143 | D:5      | Found Vorch's Antique Armour Boutique.
  5222 | D:5      | Bought an embroidered scarf for 168 gold pieces
  5287 | D:5      | Reached skill level 1 in Armour
  5304 | D:5      | Found Liptott's Armour Shoppe.
  5329 | D:5      | Found Xexaf's Armour Shoppe.
  5384 | D:5      | Reached skill level 1 in Hexes
  5390 | D:5      | Found a basalt altar of Yredelemnul.
  5602 | D:5      | Reached * piety under Ashenzari
  5613 | D:5      | Reached XP level 8. HP: 60/60 MP: 4/15
  5711 | D:5      | Found Genoyhut's Jewellery Shop.
  6218 | D:6      | Learned a level 4 spell: Force Lance
  6628 | D:6      | Noticed Edmund
  6642 | D:6      | Killed Edmund
  6642 | D:6      | Reached skill level 6 in Conjurations
  6658 | D:6      | HP: 2/60 [hound (4)]
  6948 | D:5      | Learned a level 1 spell: Apportation
  7112 | D:6      | Reached skill level 1 in Translocations
  7363 | D:6      | Reached XP level 9. HP: 65/65 MP: 6/18
  7366 | D:6      | Learned a level 1 spell: Animate Skeleton
  7427 | D:6      | Found Parocw's Book Emporium.
  7592 | D:6      | Reached skill level 1 in Staves
  7592 | D:6      | Reached skill level 1 in Necromancy
  8017 | D:7      | Noticed Duvessa
  8018 | D:7      | Noticed Dowan
  8035 | D:7      | Killed Duvessa
  8036 | D:7      | Killed Dowan
  8036 | D:7      | Reached skill level 7 in Conjurations
  8601 | D:7      | Reached skill level 1 in Evocations
  8790 | D:7      | Found a staircase to the Ecumenical Temple.
  8797 | Temple   | Entered the Ecumenical Temple
  9821 | D:7      | Slain by an orc warrior

Vault maps used:
D:1:      onia_arrival_zoo_common, minmay_shallow_snake_nest
D:2:      kennysheep_six_static_rooms, evilmike_ruin_ashenzari
D:3:      uniq_terence
D:4:      kennysheep_slugbush, serial_shops, shop, first_ration, uniq_grinder
D:5:      lemuel_doored_altar, serial_shops, shop, nicolae_shop_statue_plus,
          shop, nicolae_shop_waterfront
D:6:      serial_shops, nicolae_shop_behind_doors, moated_statue,
          minmay_a_box_with_orc_wizards_in_it, uniq_edmund
D:7:      temple_green, uniq_duvessa
D:8:      minmay_separated_statues, serial_curves, eino_curves_04,
          eino_curves_02, grunt_pizzeria
Temple:   kilobyte_greek_temple

Skill      XL: |  1  2  3  4  5  6  7  8  9 |
---------------+----------------------------+-----
Spellcasting   | 3 4 5 6 |  6.1
Dodging        | 2 3 |  3.2
Fighting       | 1 2 3 4 |  4.2
Conjurations   | 4 5 6 7 |  7.5
Armour         | 1 2 |  2.0
Hexes          | 1 4 |  4.0
Translocations | 2 3 |  3.0
Staves         | 2 |  2.3
Necromancy     | 3 |  3.0
Evocations     | 2 |  2.4
Stealth        | |  1.5

Action                   |  1- 3 |  4- 6 |  7- 9 || total
-------------------------+-------+-------+-------++-------
Melee: Unarmed           |    18 |       |       ||    18
       Spear             |    28 |       |     3 ||    31
       Quarterstaff      |       |       |    21 ||    21
 Cast: Magic Dart        |    70 |    67 |   186 ||   323
       Searing Ray       |     2 |    14 |    61 ||    77
       Animate Skeleton  |       |       |    17 ||    17
Invok: Curse Item        |       |     1 |     1 ||     2
  Use: Scroll            |     3 |     7 |     7 ||    17
 Stab: Sleeping          |     1 |       |     1 ||     2
       Distracted        |       |       |     1 ||     1
Armor: Robe              |    12 |     9 |    43 ||    64
Dodge: Dodged            |    44 |    32 |   143 ||   219

Table legend:
 A = Non-vault XP
 B = Vault XP
 C = Vault XP percentage of total XP
 D = Non-vault monster count
 E = Vault monster count
 F = Vault count percentage of total count
                 A         B        C        D         E       F
            +---------+---------+-------+---------+---------+-------
      Total |    4080 |     805 |  16.5 |     150 |      22 |  12.8
            +---------+---------+-------+---------+---------+-------
        D:1 |      62 |       3 |   4.6 |      28 |       2 |   6.7
        D:2 |      32 |      23 |  41.8 |      10 |       6 |  37.5
        D:3 |      38 |      36 |  48.6 |      11 |       1 |   8.3
        D:4 |     531 |     300 |  36.1 |      18 |       8 |  30.8
        D:5 |     460 |       0 |   0.0 |      11 |       0 |   0.0
        D:6 |    1463 |     223 |  13.2 |      41 |       3 |   6.8
        D:7 |    1021 |     220 |  17.7 |      24 |       2 |   7.7
        D:8 |     473 |       0 |   0.0 |       7 |       0 |   0.0
            +---------+---------+-------+---------+---------+-------
